General information
- name: BNet
- type: Ladder team game (AT/RT)
- host: Battle.net
- saver: WhiteGloves
map: GoldRush
- players: 8
- length: 20:13
- speed: Fast
- version: 1.26 W3XP
- replay type: Public
» download(144 KB)
Players
team 1 (loser)

»
marilynmonrobot (
blue | 47 APM | 935 actions | 20:05)
2 Far Seer
1 Feral Spirit
1 Chain Lighting
1 Mountain King
1 Storm Bolt
» actions
| Assign group hotkey | 32 | |
| Basic commands | 71 | |
| Build / train | 84 | |
| ESC pressed | 6 | |
| Enter build submenu | 39 | |
| Enter hero's abilities submenu | 3 | |
| Remove unit from queue | 2 | |
| Right click | 181 | |
| Select / deselect | 265 | |
| Select group hotkey | 188 | |
| Use ability | 64 | |
935 total
» units
| Peon | 12 | |
| Grunt | 9 | |
| Peasant | 11 | |
| Footman | 8 | |
| Shaman | 7 | |
| Troll Witch Doctor | 2 | |
| Dragonhawk Rider | 5 | |
54 total
» upgrades
| Melee Weapons | 1 | |
| Armor | 2 | |
| Berserker Strength | 1 | |
| Shaman Training | 2 | |
| Witch Doctor Training | 2 | |
| Reinforced Defenses | 1 | |
| Masonry | 1 | |
| Animal War Training | 1 | |
| Swords | 1 | |
12 total
» buildings
| Altar of Storms | 2 | |
| Orc Burrow | 7 | |
| Barracks | 2 | |
| Voodoo Lounge | 2 | |
| War Mill | 1 | |
| Stronghold | 1 | |
| Altar of Kings | 1 | |
| Farm | 8 | |
| Arcane Vault | 1 | |
| Scout Tower | 4 | |
| Guard Tower | 4 | |
| Fortress | 1 | |
| Spirit Lodge | 2 | |
| Great Hall | 2 | |
| Keep | 1 | |
| Blacksmith | 1 | |
| Castle | 1 | |
| Gryphon Aviary | 2 | |
| Tauren Totem | 1 | |
44 total
» build order
00:08 Altar of Storms
00:09 Altar of Storms
00:13 Orc Burrow
00:55 Barracks
01:34 Orc Burrow
01:38 Orc Burrow
01:52 Voodoo Lounge
01:56 Voodoo Lounge
02:48 Orc Burrow
03:54 War Mill
04:43 Stronghold
05:09 Altar of Kings
05:14 Farm
05:22 Barracks
05:32 Arcane Vault
05:42 Farm
06:06 Scout Tower
06:52 Guard Tower
07:18 Fortress
07:21 Spirit Lodge
07:29 Spirit Lodge
07:47 Orc Burrow
07:57 Farm
08:17 Scout Tower
08:38 Orc Burrow
08:51 Guard Tower
08:52 Farm
09:33 Scout Tower
09:36 Farm
10:10 Great Hall
10:47 Keep
10:49 Guard Tower
10:55 Scout Tower
10:57 Farm
11:19 Orc Burrow
11:34 Guard Tower
12:56 Blacksmith
13:37 Great Hall
13:55 Castle
13:58 Gryphon Aviary
14:02 Gryphon Aviary
14:08 Farm
14:10 Farm
19:23 Tauren Totem
» items
| Healing Salve | 1 | |
| Lesser Clarity Potion | 1 | |
| Scroll of Town Portal | 1 | |
3 total

»
DropVision (
yellow | 36 APM | 718 actions | 20:11)
5 Blademaster
3 Wind Walk
2 Critical Strike
2 Tauren Chieftain
1 Endurance Aura
1 War Stomp
1 Mountain King
1 Bash
1 Shadow Hunter
1 Healing Wave
» actions
| Build / train | 112 | |
| Enter build submenu | 15 | |
| Enter hero's abilities submenu | 9 | |
| Give item / drop item | 5 | |
| Right click | 219 | |
| Select / deselect | 259 | |
| Use ability | 98 | |
718 total
» units
| Peon | 28 | |
| Grunt | 10 | |
| Peasant | 7 | |
| Raider | 6 | |
| Wind Rider | 15 | |
| Troll Batrider | 13 | |
79 total
» upgrades
| Ensnare | 1 | |
| Pillage | 1 | |
| Melee Weapons | 2 | |
| Spiked Barricades | 1 | |
| Armor | 1 | |
| Ranged Weapons | 1 | |
| Reinforced Defenses | 1 | |
| Liquid Fire | 1 | |
9 total
» buildings
| Altar of Storms | 1 | |
| Orc Burrow | 8 | |
| Barracks | 1 | |
| Voodoo Lounge | 1 | |
| Stronghold | 1 | |
| War Mill | 1 | |
| Great Hall | 3 | |
| Beastiary | 2 | |
| Watch Tower | 9 | |
| Fortress | 1 | |
28 total
» build order
00:51 Altar of Storms
00:54 Orc Burrow
00:56 Orc Burrow
00:58 Orc Burrow
02:17 Barracks
02:27 Voodoo Lounge
04:04 Stronghold
05:07 War Mill
05:21 Great Hall
06:32 Beastiary
06:32 Beastiary
06:57 Great Hall
07:27 Orc Burrow
07:27 Orc Burrow
07:28 Orc Burrow
07:28 Orc Burrow
07:28 Orc Burrow
11:28 Watch Tower
11:33 Watch Tower
11:51 Watch Tower
11:51 Watch Tower
12:14 Watch Tower
12:18 Watch Tower
13:11 Watch Tower
13:11 Watch Tower
13:11 Watch Tower
16:01 Fortress
19:25 Great Hall
» items
| Healing Salve | 2 | |
| Lesser Clarity Potion | 2 | |
| Boots of Speed | 1 | |
| Dust of Appearance | 1 | |
| Potion of Lesser Invulnerability | 1 | |
| Scroll of Town Portal | 2 | |
| Orb of Lightning | 1 | |
10 total

»
afint (
red | 74 APM | 1458 actions | 19:46)
3 Death Knight
2 Death Coil
1 Unholy Aura
2 Lich
1 Frost Nova
1 Dark Ritual
1 Crypt Lord
1 Impale
» actions
| Assign group hotkey | 32 | |
| Basic commands | 172 | |
| Build / train | 55 | |
| ESC pressed | 1 | |
| Enter build submenu | 14 | |
| Enter hero's abilities submenu | 6 | |
| Give item / drop item | 5 | |
| Right click | 405 | |
| Select / deselect | 275 | |
| Select group hotkey | 412 | |
| Use ability | 81 | |
1458 total
» units
| Acolyte | 13 | |
| Ghoul | 2 | |
| Crypt Fiend | 8 | |
| Obsidian Statue | 1 | |
| Frost Wyrm | 2 | |
26 total
» upgrades
| Backpack | 1 | |
| Web | 1 | |
| Freezing Breath | 1 | |
3 total
» buildings
| Graveyard | 1 | |
| Crypt | 1 | |
| Altar of Darkness | 1 | |
| Ziggurat | 5 | |
| Tomb of Relics | 1 | |
| Nerubian Tower | 2 | |
| Halls of the Dead | 2 | |
| Black Citadel | 1 | |
| Slaughterhouse | 1 | |
| Sacrificial Pit | 1 | |
| Boneyard | 1 | |
| Spirit Tower | 3 | |
20 total
» build order
00:16 Graveyard
00:19 Crypt
00:55 Altar of Darkness
01:01 Ziggurat
01:23 Tomb of Relics
01:41 Ziggurat
02:03 Nerubian Tower
02:03 Nerubian Tower
03:47 Halls of the Dead
04:46 Ziggurat
06:11 Black Citadel
07:08 Slaughterhouse
07:11 Ziggurat
08:09 Sacrificial Pit
08:50 Ziggurat
10:02 Boneyard
15:40 Spirit Tower
15:40 Spirit Tower
15:40 Spirit Tower
» items
| Rod of Necromancy | 3 | |
| Potion of Healing | 2 | |
| Orb of Corruption | 1 | |
| Scroll of Town Portal | 1 | |
7 total
TimingCorner (
pink | 41 APM | 144 actions | 03:32)
» actions
| Assign group hotkey | 1 | |
| Basic commands | 4 | |
| Build / train | 14 | |
| Enter build submenu | 7 | |
| Right click | 52 | |
| Select / deselect | 46 | |
| Select group hotkey | 5 | |
| Use ability | 15 | |
144 total
» units
» buildings
| Lumber Mill | 1 | |
| Scout Tower | 6 | |
| Guard Tower | 3 | |
10 total
» build order
00:16 Lumber Mill
00:57 Scout Tower
01:05 Scout Tower
01:18 Guard Tower
01:26 Scout Tower
01:47 Guard Tower
01:57 Scout Tower
02:19 Scout Tower
02:37 Scout Tower
02:41 Guard Tower
team 2 (winner)
capt_spectacula (
green | 39 APM | 794 actions | 20:12)
6 Mountain King
3 Storm Bolt
2 Bash
1 Avatar
» actions
| Basic commands | 1 | |
| Build / train | 72 | |
| Enter build submenu | 14 | |
| Enter hero's abilities submenu | 6 | |
| Give item / drop item | 3 | |
| Remove unit from queue | 1 | |
| Right click | 375 | |
| Select / deselect | 263 | |
| Use ability | 59 | |
794 total
» units
| Peasant | 11 | |
| Footman | 4 | |
| Spell Breaker | 8 | |
| Knight | 9 | |
32 total
» upgrades
| Plating | 3 | |
| Swords | 3 | |
| Lumber Harvesting | 1 | |
| Animal War Training | 1 | |
| Control Magic | 1 | |
| Masonry | 2 | |
11 total
» buildings
| Altar of Kings | 1 | |
| Farm | 12 | |
| Barracks | 2 | |
| Lumber Mill | 1 | |
| Keep | 1 | |
| Arcane Vault | 1 | |
| Blacksmith | 1 | |
| Castle | 2 | |
| Arcane Sanctum | 1 | |
| Town Hall | 2 | |
24 total
» build order
00:25 Altar of Kings
00:40 Farm
00:41 Farm
00:55 Barracks
01:35 Lumber Mill
01:43 Farm
02:25 Farm
02:50 Farm
02:51 Farm
04:10 Keep
04:15 Arcane Vault
04:56 Blacksmith
05:05 Barracks
06:49 Castle
06:49 Castle
08:21 Arcane Sanctum
09:47 Town Hall
13:53 Farm
13:54 Farm
13:54 Farm
13:54 Farm
13:55 Farm
13:55 Farm
18:55 Town Hall
» items
| Scroll of Regeneration | 3 | |
| Lesser Clarity Potion | 5 | |
| Scroll of Town Portal | 3 | |
| Orb of Fire | 1 | |
| Potion of Healing | 2 | |
| Boots of Speed | 1 | |
| Periapt of Vitality | 1 | |
16 total

»
Farria (
orange | 71 APM | 1434 actions | 20:12)
5 Blademaster
3 Wind Walk
2 Critical Strike
5 Tauren Chieftain
2 War Stomp
3 Endurance Aura
» actions
| Assign group hotkey | 15 | |
| Basic commands | 1 | |
| Build / train | 89 | |
| Enter build submenu | 15 | |
| Enter hero's abilities submenu | 10 | |
| Give item / drop item | 1 | |
| Remove unit from queue | 2 | |
| Right click | 813 | |
| Select / deselect | 329 | |
| Select group hotkey | 15 | |
| Use ability | 144 | |
1434 total
» units
| Peon | 18 | |
| Grunt | 1 | |
| Troll Headhunter/Berserker | 3 | |
| Wind Rider | 10 | |
| Troll Batrider | 4 | |
36 total
» upgrades
| Ranged Weapons | 3 | |
| Envenomed Spears | 1 | |
| Liquid Fire | 1 | |
5 total
» buildings
| Altar of Storms | 1 | |
| Orc Burrow | 5 | |
| Barracks | 1 | |
| War Mill | 1 | |
| Voodoo Lounge | 1 | |
| Stronghold | 3 | |
| Beastiary | 2 | |
| Great Hall | 3 | |
| Fortress | 1 | |
18 total
» build order
00:10 Altar of Storms
00:12 Orc Burrow
00:53 Barracks
01:34 Orc Burrow
02:05 War Mill
02:19 Voodoo Lounge
03:00 Stronghold
03:01 Stronghold
04:06 Orc Burrow
06:15 Beastiary
06:18 Beastiary
08:48 Great Hall
09:56 Great Hall
10:41 Orc Burrow
10:42 Orc Burrow
13:09 Fortress
18:05 Great Hall
» items
| Boots of Speed | 1 | |
| Healing Salve | 2 | |
| Lesser Clarity Potion | 2 | |
| Potion of Mana | 2 | |
| Potion of Healing | 4 | |
| Rod of Necromancy | 4 | |
| Scroll of Speed | 1 | |
| Orb of Corruption | 1 | |
| Scroll of Town Portal | 1 | |
| Dust of Appearance | 1 | |
19 total
EEEvilMelvin (
teal | 61 APM | 1236 actions | 20:12)
4 Blood Mage
2 Flame Strike
2 Siphon Mana
» actions
| Assign group hotkey | 145 | |
| Basic commands | 7 | |
| Build / train | 85 | |
| Enter build submenu | 52 | |
| Enter hero's abilities submenu | 4 | |
| Give item / drop item | 5 | |
| Remove unit from queue | 4 | |
| Right click | 426 | |
| Select / deselect | 325 | |
| Select group hotkey | 87 | |
| Use ability | 96 | |
1236 total
» units
| Peasant | 18 | |
| Footman | 4 | |
| Sorceress | 4 | |
| Mortar Team | 3 | |
29 total
» upgrades
| Lumber Harvesting | 2 | |
| Sorceress Training | 1 | |
| Magic Sentry | 1 | |
| Masonry | 3 | |
| Gunpowder | 2 | |
| Armor | 2 | |
| Animal War Training | 1 | |
| Fragmentation Shards | 1 | |
13 total
» buildings
| Scout Tower | 28 | |
| Altar of Kings | 1 | |
| Barracks | 1 | |
| Farm | 10 | |
| Arcane Tower | 5 | |
| Keep | 1 | |
| Town Hall | 1 | |
| Lumber Mill | 1 | |
| Arcane Vault | 1 | |
| Guard Tower | 9 | |
| Arcane Sanctum | 1 | |
| Castle | 1 | |
| Blacksmith | 2 | |
| Workshop | 4 | |
66 total
» build order
00:29 Scout Tower
00:39 Altar of Kings
00:40 Barracks
00:52 Farm
01:05 Farm
01:06 Farm
02:30 Arcane Tower
02:54 Farm
04:23 Keep
04:26 Town Hall
04:34 Lumber Mill
05:28 Arcane Vault
05:31 Scout Tower
05:34 Scout Tower
05:37 Scout Tower
05:38 Scout Tower
05:40 Scout Tower
05:57 Scout Tower
05:59 Scout Tower
06:02 Scout Tower
06:04 Scout Tower
06:20 Guard Tower
06:24 Arcane Tower
07:13 Arcane Sanctum
07:16 Guard Tower
08:03 Scout Tower
08:04 Scout Tower
08:04 Scout Tower
08:04 Scout Tower
08:05 Scout Tower
08:40 Guard Tower
08:57 Guard Tower
08:58 Guard Tower
09:34 Castle
09:37 Guard Tower
09:48 Guard Tower
10:08 Scout Tower
10:08 Scout Tower
10:10 Scout Tower
10:14 Scout Tower
10:30 Scout Tower
10:30 Scout Tower
10:39 Guard Tower
11:00 Arcane Tower
11:02 Arcane Tower
12:28 Guard Tower
12:29 Scout Tower
12:30 Scout Tower
12:33 Scout Tower
12:35 Scout Tower
12:36 Scout Tower
12:37 Scout Tower
13:53 Guard Tower
17:07 Blacksmith
17:08 Blacksmith
18:03 Workshop
18:03 Workshop
18:04 Workshop
18:04 Workshop
18:42 Scout Tower
19:22 Arcane Tower
19:24 Farm
19:36 Farm
19:47 Farm
19:47 Farm
19:49 Farm
19:51 Farm
» items
| Scroll of Regeneration | 5 | |
| Potion of Mana | 4 | |
| Lesser Clarity Potion | 2 | |
| Potion of Healing | 2 | |
| Boots of Speed | 1 | |
| Potion of Invisibility | 2 | |
| Scroll of Town Portal | 1 | |
| Staff of Teleportation | 1 | |
18 total

»
WhiteGloves (
purple | 87 APM | 1757 actions | 20:13)
5 Death Knight
3 Death Coil
2 Unholy Aura
4 Lich
2 Frost Nova
2 Frost Armor
» actions
| Assign group hotkey | 29 | |
| Basic commands | 24 | |
| Build / train | 100 | |
| ESC pressed | 2 | |
| Enter build submenu | 32 | |
| Enter hero's abilities submenu | 9 | |
| Give item / drop item | 4 | |
| Right click | 745 | |
| Select / deselect | 290 | |
| Select group hotkey | 443 | |
| Use ability | 79 | |
1757 total
» units
| Acolyte | 16 | |
| Ghoul | 5 | |
| Crypt Fiend | 6 | |
| Gargoyle | 7 | |
| Obsidian Statue | 2 | |
| Abomination | 1 | |
37 total
» upgrades
| Creature Attack | 3 | |
| Creature Carapace | 2 | |
| Web | 1 | |
| Burrow | 1 | |
| Ghoul Frenzy | 1 | |
| Destroyer Form | 1 | |
9 total
» buildings
| Altar of Darkness | 1 | |
| Ziggurat | 16 | |
| Crypt | 2 | |
| Graveyard | 1 | |
| Nerubian Tower | 3 | |
| Halls of the Dead | 2 | |
| Necropolis | 2 | |
| Spirit Tower | 15 | |
| Tomb of Relics | 1 | |
| Black Citadel | 1 | |
| Slaughterhouse | 1 | |
45 total
» build order
00:06 Altar of Darkness
00:07 Ziggurat
00:31 Crypt
02:07 Graveyard
02:26 Nerubian Tower
02:26 Nerubian Tower
02:52 Ziggurat
03:46 Halls of the Dead
03:46 Halls of the Dead
03:53 Necropolis
04:15 Spirit Tower
04:15 Spirit Tower
04:53 Ziggurat
05:19 Tomb of Relics
07:23 Ziggurat
07:30 Ziggurat
08:32 Ziggurat
08:41 Nerubian Tower
08:43 Spirit Tower
08:43 Spirit Tower
10:01 Ziggurat
10:11 Black Citadel
10:51 Ziggurat
10:53 Spirit Tower
11:01 Ziggurat
11:53 Spirit Tower
12:19 Slaughterhouse
13:05 Spirit Tower
13:05 Spirit Tower
13:09 Ziggurat
13:47 Crypt
14:28 Spirit Tower
17:39 Ziggurat
17:40 Ziggurat
17:42 Ziggurat
17:44 Necropolis
18:53 Ziggurat
18:55 Ziggurat
19:29 Spirit Tower
19:29 Spirit Tower
19:30 Spirit Tower
19:32 Ziggurat
» items
| Sacrificial Skull | 1 | |
| Boots of Speed | 1 | |
| Staff of Teleportation | 1 | |
| Periapt of Vitality | 1 | |
| Potion of Lesser Invulnerability | 1 | |
| Potion of Healing | 1 | |
| Rod of Necromancy | 1 | |
| Scroll of Town Portal | 3 | |
| Orb of Corruption | 1 | |
11 total
Chat log
(00:10 / Allies) WhiteGloves: It's your favourite map
(00:14 / Allies) EEEvilMelvin: lawl
(00:49 / Allies) capt_spectacula: watchu fellas gettin
(01:03 / Allies) Farria: wyv
(01:12 / Allies) capt_spectacula: knights
(01:42 / Allies) Farria: sending my hero asap purp
(01:50 / Allies) EEEvilMelvin: .f m made tower first
(02:11 / Allies) capt_spectacula: hit pink
(02:17 / Allies) capt_spectacula: hes b fucked up ciz of that
(02:25 / All) EEEvilMelvin: works best vs undead
(03:23 / Allies) Farria: blue hero
(03:23 / Allies) Farria: fast
(03:37 / All) WhiteGloves: lol
(03:58 / All) WhiteGloves: sup blue
(05:03 / Allies) WhiteGloves: LOL
(05:13 / Allies) Farria: yeah >.<
(05:50 / Allies) capt_spectacula: purple fucking help me
(05:52 / Allies) WhiteGloves: go away
(05:56 / Allies) WhiteGloves: don't lure them to the expo I want
(06:02 / Allies) capt_spectacula: ffs retard
(06:07 / Allies) WhiteGloves: lol
(06:41 / Allies) capt_spectacula: as if u wouldnt hit him when hes weak
(07:00 / All) EEEvilMelvin: truce
(07:18 / Allies) WhiteGloves: lol
(07:19 / Allies) capt_spectacula: fuk u purple
(07:22 / Allies) capt_spectacula: go die
(07:28 / Allies) WhiteGloves: it's not my fault you lost your hero to creeps
(07:42 / Allies) capt_spectacula: its uyr fault we didnt hit pink though
(07:42 / Allies) EEEvilMelvin: guys calm down
(07:45 / Allies) EEEvilMelvin: let's win thsi together
(07:46 / Allies) EEEvilMelvin: we're a team
(07:54 / All) EEEvilMelvin: TRUCE BRO
(11:52 / Allies) EEEvilMelvin: help?
(12:48 / Allies) WhiteGloves: wyrms
(14:22 / Allies) Farria: anyone need gold?
(14:34 / Allies) EEEvilMelvin: yellow
(15:46 / Allies) EEEvilMelvin: lvoe delay
(15:48 / Allies) capt_spectacula: help
(17:04 / Allies) Farria: help purp fast
(17:41 / Allies) EEEvilMelvin: wood
(19:30 / Allies) EEEvilMelvin: wood me orange